 Dungeon Crawl Stone Soup version 0.30-a0-723-gc1506a1cf0 (webtiles) character file.

Game seed: 5614232052962952518

14806 jimonade the Slicer (level 12, -3/54 HPs)
             Began as a Vine Stalker Gladiator on Jan 29, 2023.
             Was a Believer of Hepliaklqana.
             Slain by a naga
             ... wielding a +0 glaive
              (8 damage)
             ... on level 2 of the Lair of Beasts.
             The game lasted 00:27:57 (11198 turns).

jimonade the Slicer (Vine Stalker Gladiator)       Turns: 11198, Time: 00:27:57

Health: -3/54      AC: 10    Str: 21    XL:     12   Next: 20%
Magic:  0/22       EV: 16    Int:  6    God:    Hepliaklqana [**....]
Gold:   1066       SH:  8    Dex: 28    Spells: 23/23 levels left

rFire   + . .      SeeInvis .    a - +4 rapier (venom)
rCold   . . .      Faith    .    w - +0 buckler
rNeg    . . .      Spirit   +    O - +0 troll leather armour
rPois   +          Reflect  .    c - +0 helmet
rElec   .          Harm     .    H - +0 cloak
rCorr   .          Rampage  .    A - +0 pair of gloves
Will    +....                    F - +2 pair of boots {Fly}
Stlth   ++++                     (no amulet)
HPRegen 1.89/turn                j - +4 ring of slaying
MPRegen 0.18/turn                Q - ring of Bunnut {rPois rF+ Str+5 Int-2 Dex+6}

@: flying
A: reduced essence, fangs 3, regeneration 1, magic shield, antimagic bite, no
potion heal 2
a: Renounce Religion, Recall Ancestor, Ancestor Identity


You were on level 2 of the Lair of Beasts.
You worshipped Hepliaklqana.
Hepliaklqana was pleased with you.
You visited 3 branches of the dungeon, and saw 14 of its levels.
You also visited: Trove.

You collected 1066 gold pieces.

Inventory:

Hand Weapons
 a - a +4 rapier of venom (weapon)
 b - a +0 quick blade of freezing
 Z - a +4 short sword of freezing
Missiles
 d - 3 throwing nets (quivered)
 e - a javelin
 l - 6 atropa-tipped darts
 o - 19 poisoned darts
 X - 3 boomerangs of dispersal
Armour
 c - a +0 helmet (worn)
 w - a +0 buckler (worn)
 A - a +0 pair of gloves (worn)
 F - a +2 pair of boots of flying (worn)
 H - a +0 cloak (worn)
 L - a +1 robe of cold resistance
 O - a +0 troll leather armour (worn)
 P - +0 acid dragon scales
Jewellery
 i - a ring of wizardry
 j - a +4 ring of slaying (left hand)
 q - a ring of fire
 s - a ring of magical power
 G - the ring "Dexko" {Ice rPois MP+9 Dex-3}
   (You found it in a treasure trove)

   [ring of ice]

   It enhances your ice magic.
   Dex:       It affects your dexterity (-3).
   rF:        It makes you vulnerable to fire.
   rC:        It protects you from cold.
   rPois:     It protects you from poison.
   MP:        It affects your magic capacity (+9).
 Q - the ring of Bunnut (right hand) {rPois rF+ Str+5 Int-2 Dex+6}
   (You found it in a treasure trove)

   [ring of dexterity]

   Str:       It affects your strength (+5).
   Int:       It affects your intelligence (-2).
   Dex:       It affects your dexterity (+6).
   rF:        It protects you from fire.
   rPois:     It protects you from poison.
 U - a +4 ring of protection
 W - the ring "Mott" {Str+6 Dex+4}
   (You found it in a treasure trove)

   [ring of strength]

   Str:       It affects your strength (+6).
   Dex:       It affects your dexterity (+4).
Wands
 n - a wand of iceblast (6)
 y - a wand of digging (8)
 J - a wand of light (7)
 N - a wand of paralysis (3)
 S - a wand of polymorph (8)
Scrolls
 h - 8 scrolls of teleportation
 k - 2 scrolls of magic mapping
 m - a scroll of vulnerability
 p - a scroll of identify
 v - 2 scrolls of fear
 K - a scroll of poison
 M - a scroll of fog
 T - a scroll of brand weapon
 V - a scroll of silence
Potions
 f - 4 potions of lignification
 g - 2 potions of haste {unknown}
 r - 3 potions of mutation
 t - a potion of brilliance
 u - a potion of invisibility {unknown}
 x - 5 potions of attraction
 z - 3 potions of might
 B - 5 potions of curing
 D - 3 potions of resistance
 I - 2 potions of cancellation
 R - a potion of ambrosia
Miscellaneous
 Y - a phial of floods


   Skills:
 + Level 5.7 Fighting
 - Level 12.9 Short Blades
 - Level 1.7 Throwing
 + Level 5.4 Dodging
 + Level 6.6 Stealth
 * Level 6.8 Shields
 * Level 6.2 Spellcasting


You had 23 spell levels left.
You didn't know any spells.
Your spell library contained the following spells:

 Spells                   Type           Power      Damage    Failure   Level
 Ensorcelled Hibernation  Hex/Ice        2%         N/A       52%         2
 Passwall                 Tmut/Erth      0%         N/A       52%         2
 Static Discharge         Conj/Air       2%         2-3/arc   52%         2
 Frozen Ramparts          Ice            2%         1d1       75%         3
 Inner Flame              Hex/Fire       1%         N/A       75%         3
 Swiftness                Air            1%         N/A       75%         3
 Vhi's Electric Charge    Tloc/Air       2%         N/A       75%         3
 Flame Wave               Conj/Fire      1%         2d4       98%         4
 Ice Form                 Ice/Tmut       1%         N/A       98%         4
 Sticky Flame             Conj/Fire      1%         2d3       98%         4
 Summon Ice Beast         Ice/Summ       1%         N/A       98%         4
 Arcjolt                  Conj/Air       0%         1d10      100%        5
 Lightning Bolt           Conj/Air       0%         1d11      100%        5
 Chain Lightning          Conj/Air       0%         2d1       100%        9
 Fire Storm               Conj/Fire      0%         6d1       100%        9
 Shatter                  Erth           0%         3d5*      100%        9


Dungeon Overview and Level Annotations

Branches:
Dungeon (11/15)            Temple (1/1) D:4            Lair (2/5) D:10
  Snake (0/4) Lair:2          Orc (0/2) D:10
  Swamp: Lair:2-3    Shoals: Lair:2-3

Altars:
Ashenzari
Cheibriados
Dithmenos
Elyvilon
Fedhas
Gozag
Hepliaklqana
Kikubaaqudgha
Makhleb
Nemelex Xobeh
Okawaru
Qazlal
Ru
Sif Muna
Trog
Uskayaw
Vehumet
Wu Jian
Xom
Yredelemnul
Zin
The Shining One

Shops:
D:8 :   D:10 [


Innate Abilities, Weirdness & Mutations

Your life essence is reduced to manifest your ancestor. (-10% HP)
You have razor-sharp teeth.
Your natural rate of healing is unusually fast.
When hurt, damage is shared between your health and your magic reserves.
Your bite disrupts and absorbs the magic of your enemies.
Potions cannot restore your health.


Message History

You kill the bullfrog!
No target in view!
No target in view!
You see here a wolf corpse.
There is a stone staircase leading down here.
You fly downwards.
You hear a distant snort.
Hark!
There is a gateway to a gauntlet on this level.
Find the entrance quickly before the gate is sealed!
You hear the beating of a drum nearby.
The yak bellows!
You hear a howl!
The naga spits poison at you. The splash of poison misses you.
There is a stone staircase leading up, spattered with blood here.
You completely miss the naga. You bite the naga! You drain its power.
The naga is moderately wounded.
You hit the naga. You bite the naga. You drain its power.
The naga is severely wounded.
You puncture the naga!
You kill the naga!
The naga hits you with a +0 glaive!! The naga grabs you.
The naga constricts you.
You closely miss the naga.
The naga is severely wounded.
The naga barely misses you. You block the naga's attack.
The naga constricts you.
A wolf comes into view.
You escape the naga's grasp.
The naga misses you. The naga grabs you.
You stop ascending the stairs.
The naga constricts you.
The naga's grasp on you weakens, but your attempt to escape fails.
The komodo dragon bites you!!
* * * LOW HITPOINT WARNING * * *
The naga hits you with a +0 glaive!
* * * LOW HITPOINT WARNING * * *
The naga spits poison at you.
The splash of poison hits you but does no damage.
You resist. The naga constricts you.
* * * LOW HITPOINT WARNING * * *
You escape the naga's grasp.
You block the komodo dragon's attack. The naga hits you with a +0 glaive!
You die...

#..........................
##........##...##N#####.#.#
#.....#..####...### *,*#,,
##....#.#.#...### **,,,,
##...#.##....# *,,,,
#...#.##....# *,,,,
##.....#.Y..## **,,,,
#P.......Nl.# **,,,,,
#P.......@N## *,,,,,,
##...P...### *,,,,,,
##..!....# *,,,,,*
#.......## *******
##...###.* ##### *##


You could see a komodo dragon, a yak and 2 nagas.

Vanquished Creatures
  A catoblepas (Lair:1)
  A boulder beetle (D:8)
  A two-headed ogre (D:10)
  4 elephants (Lair:1)
  3 cane toads (Lair:1)
  A gargoyle (D:11)
  A komodo dragon (Lair:1)
  An unseen horror (D:11)
  2 trolls
  A hornet (D:9)
  Sigmund (D:5)
  2 vampires (D:11)
  A shadow (D:11)
  A basilisk (Lair:2)
  2 wraiths (D:10)
  2 wyverns
  14 yaks
  6 vampire mosquitoes (D:11)
  A naga (Lair:2)
  3 water moccasins
  2 ice beasts (D:7)
  2 sky beasts (D:7)
  An orc warrior (D:11)
  An ogre (D:5)
  6 wolves (Lair:1)
  6 centaurs
  2 phantoms
  5 bullfrogs
  A kobold brigand (D:9)
  3 necrophages
  8 wights
  A howler monkey (D:8)
  3 hounds (D:6)
  A jelly (D:6)
  A gnoll bouda (D:8)
  3 orc priests
  A hexer (D:11)
  4 iguanas
  3 orc wizards
  5 adders
  5 gnolls
  A shadow imp (D:6)
  A white imp (D:7)
  2 ufetubi (D:6)
  A dart slug (D:2)
  22 orcs
  A bat zombie (D:6)
  4 endoplasms
  7 giant cockroaches
  5 goblins
  8 hobgoblins
  11 jackals
  8 kobolds
  3 quokkas
  7 ball pythons
  7 bats
  4 frilled lizards
  3 rats
208 creatures vanquished.

Vanquished Creatures (collateral kills)
  A cane toad (Lair:2)
  A black mamba (Lair:1)
  A shadow (D:9)
  2 yaks
  A water moccasin (Lair:1)
  An acid dragon (D:10)
  2 orc warriors
  A gnoll sergeant (D:9)
  2 orc priests (D:10)
  2 orc wizards
  3 gnolls
  An ufetubus (D:6)
  6 orcs
  A goblin (D:9)
  A hobgoblin (D:9)
  A kobold (D:9)
27 creatures vanquished.

Vanquished Creatures (others)
  2 hexers
  3 ancestors
  10 plants
15 creatures vanquished.

Grand Total: 250 creatures vanquished

Notes
Turn   | Place    | Note
-------+----------+-------------------------------------------
     0 | D:1      | jimonade the Vine Stalker Gladiator began the quest for the
                  | Orb.
     0 | D:1      | Reached XP level 1. HP: 11/11 MP: 2/2
    70 | D:1      | Reached skill level 3 in Short Blades
   108 | D:1      | Reached XP level 2. HP: 12/15 MP: 1/3
   428 | D:1      | Reached XP level 3. HP: 18/18 MP: 4/4
   806 | D:2      | Reached skill level 4 in Short Blades
  1009 | D:2      | Gained mutation: Your natural rate of healing is unusually
                  | fast. [Vine Stalker growth]
  1009 | D:2      | Reached XP level 4. HP: 23/23 MP: 5/5
  1593 | D:3      | Noticed a phantom
  1614 | D:2      | Killed a phantom
  1615 | D:2      | Reached skill level 5 in Short Blades
  1615 | D:2      | Reached XP level 5. HP: 22/26 MP: 6/6
  1852 | D:3      | Found a faded altar of an unknown god.
  1933 | D:3      | Identified the +10 war axe "Eniproq" {speed, Fragile rPois
                  | Dex+4}
  2682 | D:4      | Found a staircase to the Ecumenical Temple.
  2695 | Temple   | Entered the Ecumenical Temple
  2776 | Temple   | Became a worshipper of Hepliaklqana the Forgotten
  3048 | D:4      | Found an ornate altar of the Wu Jian Council.
  3297 | D:5      | Entered Level 5 of the Dungeon
  3309 | D:5      | Reached skill level 6 in Short Blades
  3309 | D:5      | Reached XP level 6. HP: 26/30 MP: 5/7
  3416 | D:5      | Noticed Sigmund
  3599 | D:5      | Killed Sigmund
  3600 | D:5      | Reached skill level 7 in Short Blades
  3600 | D:5      | Reached XP level 7. HP: 32/34 MP: 8/8
  3662 | D:5      | Found a broken altar of Ashenzari.
  3705 | D:5      | Reached skill level 8 in Short Blades
  3853 | D:5      | Found a shimmering blue altar of Sif Muna.
  4144 | D:6      | Gained mutation: You have razor-sharp teeth. [Vine Stalker
                  | growth]
  4144 | D:6      | Reached XP level 8. HP: 36/38 MP: 7/9
  4181 | D:6      | Found an ancient bone altar of Kikubaaqudgha.
  4264 | D:6      | Noticed a torpor snail
  4266 | D:6      | Found a snail-covered altar of Cheibriados.
  4266 | D:6      | Noticed a torpor snail
  4266 | D:6      | Noticed a torpor snail
  4381 | D:6      | Reached skill level 9 in Short Blades
  4571 | D:6      | Reached * piety under Hepliaklqana
  4583 | D:6      | Found a white marble altar of Elyvilon.
  5138 | D:7      | Reached skill level 10 in Short Blades
  5380 | D:7      | Reached XP level 9. HP: 32/37 MP: 6/10
  5480 | D:7      | Found a blossoming altar of Fedhas.
  5620 | D:7      | Reached skill level 11 in Short Blades
  6351 | D:8      | Found Dyqy's Book Emporium.
  6472 | D:8      | Noticed a boulder beetle
  6506 | D:8      | Killed a boulder beetle
  6507 | D:8      | Reached skill level 1 in Stealth
  6507 | D:8      | Reached skill level 1 in Shields
  6507 | D:8      | Reached skill level 1 in Spellcasting
  6596 | D:8      | Found a glowing golden altar of the Shining One.
  6596 | D:8      | Found an iron altar of Okawaru.
  6657 | D:8      | Reached skill level 12 in Short Blades
  6660 | D:8      | Reached XP level 10. HP: 39/42 MP: 12/14
  7120 | D:9      | Reached ** piety under Hepliaklqana
  7121 | D:9      | Remembered your ancestor Impisi as a hexer
  7299 | D:9      | Found a glowing silver altar of Zin.
  7768 | D:9      | Found a hide-covered altar of Uskayaw.
  7925 | D:9      | Found a bloodstained altar of Trog.
  8144 | D:10     | Entered Level 10 of the Dungeon
  8206 | D:10     | Found a staircase to the Lair.
  8212 | D:10     | Found Ycvoc's Armour Emporium.
  8212 | D:10     | Found a staircase to the Orcish Mines.
  8468 | D:10     | Reached XP level 11. HP: 46/46 MP: 18/18
  8527 | D:10     | Noticed a two-headed ogre
  8536 | D:10     | Killed a two-headed ogre
  8667 | D:10     | Reached *** piety under Hepliaklqana
  9073 | D:11     | Found a portal to a secret trove of treasure.
  9100 | Trove    | Entered a treasure trove
  9107 | Trove    | Identified the +1 plate armour of the Sky {Regen+ Int+3
                  | Dex-5}
  9108 | Trove    | Identified the ring "Dexko" {Ice rPois MP+9 Dex-3}
  9113 | Trove    | Identified the ring of Bunnut {rPois rF+ Str+5 Int-2 Dex+6}
  9135 | Trove    | Identified the ring "Mott" {Str+6 Dex+4}
  9288 | D:11     | Reached skill level 5 in Stealth
  9288 | D:11     | Reached skill level 5 in Shields
  9288 | D:11     | Reached skill level 5 in Spellcasting
 10045 | Lair:1   | Entered Level 1 of the Lair of Beasts
 10112 | Lair:1   | Noticed a catoblepas
 10133 | Lair:1   | Killed a catoblepas
 10566 | Lair:1   | Reached skill level 5 in Fighting
 10759 | Lair:1   | Reached skill level 5 in Dodging
 11081 | Lair:2   | Reached XP level 12. HP: 54/54 MP: 20/22
 11198 | Lair:2   | Slain by a naga

Illustrated notes

Levels and vault maps discovered:
D:1:      erik_arrival_blinker_ship, layout_loops_ring
D:2:      layout_basic, serial_bayou_lake_a
D:3:      layout_basic, hellmonk_ecumenical_altar_heavens_door
D:4:      layout_cave_pools, nicolae_wu_jian_immortal_techniques,
          minmay_temple_entry_junction_2, bh_walls_and_bars
D:5:      layout_cave_pools, lemuel_round_altar, general_overflow_altar,
          minmay_misc_feat_four_crosses, patterned_corridor, uniq_sigmund
D:6:      layout_rooms, cheibriados_altar_2, lemuel_zombie_altar_kikubaaqudgha,
          nicolae_elyvilon_temple_path
D:7:      layout_gridville, fedhas_ov_isle_minmay
D:8:      layout_cave_pods, mainiacjoe_overflow_divided_tiny,
          nicolae_stop_n_shop_2, due_unseen_surprise
D:9:      layout_layer_cave, trog_hazing_becter, eat_drink_and_be_merry_uskayaw,
          mainiacjoe_overflow_surrounded_room
D:10:     layout_rooms, lair_entry_dummy, orc_david_3,
          chequers_serial_rivers_large_b
D:11:     layout_basic, nicolae_trove_entry_free_sample
Temple:   eino_temple_lava
Lair:1:   layout_layer_cave, st_stairs_3, grunt_megastairs_3,
          infiniplex_staircase_pool, lemuel_fruit_tree
Lair:2:   layout_misc_corridors, guppyfry_snake_entry_island,
          gauntlet_entry_generic, minmay_shattered_shrine

Skill      XL: |  1  2  3  4  5  6  7  8  9 10 11 |
---------------+----------------------------------+-----
Short Blades   | 3 4 5 6 7 8 10 12 | 12.9
Fighting       | 2 3 5 |  5.7
Stealth        | 1 3 6 |  6.6
Shields        | 1 4 6 |  6.8
Spellcasting   | 2 4 6 |  6.2
Dodging        | 3 5 |  5.4
Throwing       | |  1.7

Action                     |  1- 3 |  4- 6 |  7- 9 | 10-12 || total
---------------------------+-------+-------+-------+-------++-------
  Melee: Rapier            |    99 |    83 |   132 |   282 ||   596
         Bite              |    21 |    24 |    44 |   146 ||   235
         Short sword       |       |       |    29 |    39 ||    68
         Quick blade       |       |       |       |     8 ||     8
 Invoke: Recall Ancestor   |       |       |     3 |       ||     3
         Ancestor Life: He |       |       |       |     1 ||     1
    Use: Scroll            |       |    14 |     2 |     9 ||    25
   Stab: Sleeping          |     2 |     1 |     4 |     1 ||     8
         Distracted        |       |       |     1 |     2 ||     3
         Confused          |       |       |       |     5 ||     5
 Armour: Leather armour    |    29 |    27 |    37 |    11 ||   104
         Troll leather arm |       |       |       |    68 ||    68
  Dodge: Dodged            |    75 |    36 |    84 |   151 ||   346
  Block: Buckler           |       |     4 |    21 |    85 ||   110

Table legend: (Time is in decaauts)
 A = Elapsed time spent in this place.
 B = Non-inter-level travel time spent in this place.
 C = Inter-level travel time spent in this place.
 D = Time resting spent in this place.
 E = Time spent auto-exploring this place.
 F = Levels seen in this place.
 G = Mean time per level.
                   A        B        C        D        E       F      G
               +--------+--------+--------+--------+--------+-----+--------+
         Total |  11074 |  10427 |    647 |    882 |   7477 |  15 |  738.3 |
       Dungeon |   9779 |   9191 |    588 |    863 |   6616 |  11 |  889.0 |
        Temple |     88 |     70 |     18 |      0 |     65 |   1 |   88.0 |
          Lair |   1098 |   1058 |     40 |     19 |    796 |   2 |  549.0 |
         Trove |    107 |    107 |      0 |      0 |      0 |   1 |  107.0 |
               +--------+--------+--------+--------+--------+-----+--------+

Top non-repeatable levels by time:
     D:7: 1039 daAuts
     D:3: 1008 daAuts
     D:9: 1002 daAuts
  Lair:1: 1001 daAuts
    D:11: 959 daAuts
     D:8: 903 daAuts
     D:6: 893 daAuts
    D:10: 800 daAuts
     D:2: 800 daAuts
     D:4: 795 daAuts
     D:1: 789 daAuts
     D:5: 787 daAuts
   Trove: 107 daAuts
  Lair:2: 96 daAuts
  Temple: 88 daAuts
